 Dungeon Crawl Stone Soup version 0.19.1-1-g22dce08 (webtiles) character file.

882 esteth the Conjurer (level 7, -4/58 HPs)
             Began as a Pale Draconian Wizard on Jan 14, 2017.
             Was an Initiate of Vehumet.
             Slain by an unseen horror (6 damage)
             ... on level 7 of the Dungeon.
             The game lasted 00:24:54 (7326 turns).

esteth the Conjurer (Pale Draconian Wizard)         Turns: 7326, Time: 00:24:55

Health: -4/58      AC: 12    Str:  9 (10) XL:     7   Next: 76%
Magic:  1/11       EV: 12    Int: 18      God:    Vehumet [......]
Gold:   154        SH:  0    Dex:  9 (11) Spells: 3 memorised, 5 levels left

rFire  . . .     SeeInvis +     r - +0 dagger (speed)
rCold  . . .     Gourm    .     (armour unavailable)
rNeg   . . .     Faith    .     (no shield)
rPois  .         Spirit   .     p - +2 hat
rElec  .         Reflect  .     h - +2 cloak
rCorr  .         Harm     .     (no gloves)
MR     .....                    (no boots)
Stlth  ++........               s - amulet of rage
                                (no ring)
                                n - ring of see invisible

@: flying, very slightly contaminated, hasted, very quick
A: breathe steam, unfitting armour, horns 1, deterioration 1, shaggy fur 1,
cold-blooded, AC +6
a: Breathe Steam, Renounce Religion, Evoke Berserk Rage


You were on level 7 of the Dungeon.
You worshipped Vehumet.
Vehumet was noncommittal.
You were very hungry.

You visited 2 branches of the dungeon, and saw 9 of its levels.

You collected 154 gold pieces.

Inventory:

Hand Weapons
 e - a +0 spear
 r - a +0 dagger of speed (weapon)
 u - a +0 war axe
Armour
 h - a +2 cloak (worn)
 p - a +2 hat (worn)
Jewellery
 n - a ring of see invisible (left hand)
 s - an amulet of rage (around neck)
Wands
 a - a wand of digging (8/24)
 f - a wand of paralysis (11/24)
 i - a wand of flame (22/48)
Scrolls
 d - 2 scrolls of remove curse
 j - a scroll of teleportation
 k - a scroll of vulnerability {unknown}
 m - 4 scrolls of identify
 o - a scroll of fear {unknown}
 t - a scroll of amnesia
 y - a scroll of fog {unknown}
Potions
 v - a potion of heal wounds {unknown}
 w - a potion of agility {unknown}
 z - a potion of flight
 A - a potion of degeneration {unknown}
 B - a potion of might
Books
 b - a book of Minor Magic

   Spells                             Type                      Level
   a - Magic Dart                     Conjuration                  1
   b - Blink                          Translocation                2
   c - Call Imp                       Summoning                    2
   d - Repel Missiles                 Charms/Air                   2
   e - Slow                           Hexes                        2
   f - Conjure Flame                  Conjuration/Fire             3
   g - Mephitic Cloud                 Conjuration/Poison/Air       3
 q - a book of Conjurations

   Spells                             Type                      Level
   a - Magic Dart                     Conjuration                  1
   b - Searing Ray                    Conjuration                  2
   c - Dazzling Spray                 Conjuration/Hexes            3
   d - Fulminant Prism                Conjuration/Hexes            4
   e - Iskenderun's Mystic Blast      Conjuration                  4
   f - Iskenderun's Battlesphere      Conjuration/Charms           5
Comestibles
 c - 2 bread rations {@e1}
 l - 2 meat rations {@e2}


   Skills:
 + Level 3.8 Fighting
 - Level 1.7 Dodging
 - Level 1.7 Stealth
 - Level 3.0 Spellcasting
 - Level 6.5 Conjurations
   Level 1.0 Summonings
   Level 1.0 Translocations
 - Level 4.0 Air Magic
 - Level 2.1 Poison Magic


You had 5 spell levels left.
You knew the following spells:

 Your Spells              Type           Power        Failure   Level  Hunger
a - Magic Dart            Conj           ####         1%          1    None
b - Conjure Flame         Conj/Fire      ##......     14%         3    ###....
c - Mephitic Cloud        Conj/Pois/Air  ###.....     12%         3    ###....


Dungeon Overview and Level Annotations

Branches:
Dungeon (8/15)             Temple (1/1) D:4
   Lair: D:8-11

Altars:
Dithmenos
Elyvilon
Fedhas
Gozag
Hepliaklqana
Kikubaaqudgha
Makhleb
Nemelex Xobeh
Okawaru
Qazlal
Ru
Sif Muna
Vehumet
Xom
Yredelemnul
Zin
The Shining One

Shops:
D:5 *

Annotations:
D:4 Edmund, Sigmund
D:6 Vajrapani's ghost, novice TeAE


Innate Abilities, Weirdness & Mutations

You can breathe blasts of scalding, opaque steam.
Your pale cyan-grey scales are hard. (AC +6)
You cannot fit into any form of body armour.
You are cold-blooded and may be slowed by cold attacks.
You have a pair of small horns on your head.
Your body sometimes deteriorates upon taking damage.
You are covered in fur. (AC +1)


Message History

There is a stone staircase leading up here.
You fly upwards.
There is a stone staircase leading down here.
The unseen horror hits you but does no damage.
You feel better. The unseen horror hits you.
* * * LOW HITPOINT WARNING * * *
The unseen horror hits you!
* * * LOW HITPOINT WARNING * * *
You closely miss the unseen horror.
Your tail-slap misses the unseen horror.
The unseen horror is lightly wounded.
The unseen horror barely misses you.
You closely miss the unseen horror.
You tail-slap the unseen horror, but do no damage.
The unseen horror is lightly wounded.
The unseen horror hits you but does no damage.
You hit the unseen horror but do no damage.
The unseen horror is lightly wounded.
The unseen horror hits you.
You die...

## #.#### #
#/..###.##
#...x@...#
#...###..# ##>##
#[.# . #.# . #
..######.# .#
.......#.##.##.##
.....$...%..._...
.......[<....####
..#####.###..#


You could see an unseen horror (invisible).

Vanquished Creatures
  2 sky beasts
  A bullfrog (D:6)
  A crimson imp (D:5)
  A bullfrog zombie (D:5)
  A hound (D:5)
  A centaur skeleton (D:5)
  2 orc priests (D:3)
  An iguana (D:7)
  3 orc wizards
  4 worker ants
  Robin (D:4)
  A howler monkey zombie (D:5)
  9 adders
  A shadow imp (D:5)
  An ooze (D:1)
  4 worms (D:3)
  2 dart slugs
  4 leopard geckos
  24 orcs
  10 bats
  4 giant cockroaches
  15 goblins
  16 hobgoblins
  2 jackals (D:1)
  3 kobolds (D:3)
  3 quokkas
  6 ball pythons
  6 frilled lizards
  2 quokka skeletons
  9 rats
140 creatures vanquished.

Notes
Turn   | Place    | Note
-------+----------+-------------------------------------------
     0 | D:1      | esteth the Draconian Wizard began the quest for the Orb.
     0 | D:1      | Reached XP level 1. HP: 14/14 MP: 4/4
   214 | D:1      | Reached skill level 2 in Conjurations
   214 | D:1      | Reached XP level 2. HP: 19/20 MP: 6/6
  1014 | D:1      | Reached skill level 3 in Conjurations
  1014 | D:1      | Reached XP level 3. HP: 24/26 MP: 4/7
  1047 | D:1      | Learned a level 3 spell: Conjure Flame
  1051 | D:1      | Learned a level 3 spell: Mephitic Cloud
  2184 | D:2      | Reached skill level 1 in Air Magic
  2238 | D:3      | Reached skill level 1 in Poison Magic
  2294 | D:3      | Reached XP level 4. HP: 30/33 MP: 8/8
  2699 | D:3      | Learned a level 3 spell: Conjure Flame
  3447 | D:3      | Reached XP level 5. HP: 33/38 MP: 9/9
  3759 | D:3      | Reached skill level 4 in Conjurations
  4289 | D:4      | Noticed Robin
  4897 | D:4      | Killed Robin
  4934 | D:4      | Gained mutation: You have a pair of small horns on your head. [potion of mutation]
  4934 | D:4      | Gained mutation: You are covered in fur. (AC +1) [potion of mutation]
  4934 | D:4      | Gained mutation: Your body sometimes deteriorates upon taking damage. [potion of mutation]
  5010 | D:4      | Reached XP level 6. HP: 45/45 MP: 10/10
  5040 | D:4      | Reached skill level 5 in Conjurations
  5261 | D:4      | Found a staircase to the Ecumenical Temple.
  5440 | Temple   | Entered the Ecumenical Temple
  5447 | Temple   | Became a worshipper of Vehumet
  5519 | D:4      | Noticed Sigmund
  5528 | D:4      | Noticed Edmund
  5544 | D:4      | Found a white marble altar of Elyvilon.
  5960 | D:5      | Entered Level 5 of the Dungeon
  6129 | D:5      | Noticed a sky beast
  6234 | D:5      | Killed a sky beast
  6234 | D:5      | Reached skill level 6 in Conjurations
  6286 | D:5      | Your scales start taking on a pale cyan-grey colour.
  6286 | D:5      | Reached XP level 7. HP: 50/50 MP: 5/11
  6334 | D:5      | Found a radiant altar of Vehumet.
  6598 | D:5      | Found Ihenac's Assorted Antiques.
  7009 | D:6      | Noticed Vajrapani's ghost (novice TeAE)
  7272 | D:7      | Found a shadowy altar of Dithmenos.
  7297 | D:7      | Noticed an unseen horror
  7323 | D:7      | HP: 2/58 [unseen horror (8)]
  7326 | D:7      | Slain by an unseen horror

Skill      XL: |  1  2  3  4  5  6  7 |
---------------+----------------------+-----
Conjurations   | 2 3 4 6 |  6.5
Air Magic      | 1 2 4 |  4.0
Poison Magic   | 1 2 |  2.1
Fighting       | 3 |  3.8
Dodging        | |  1.7
Stealth        | |  1.7
Spellcasting   | |  3.0
Summonings     | |  1.0
Translocations | |  1.0

Action                   |  1- 3 |  4- 6 |  7- 9 || total
-------------------------+-------+-------+-------++-------
Melee: Unarmed           |     7 |       |       ||     7
       Spear             |   168 |   120 |       ||   288
       Tailslap          |     8 |    56 |    14 ||    78
       Dagger            |       |   341 |   233 ||   574
       Headbutt          |       |    17 |    24 ||    41
 Cast: Magic Dart        |    23 |    58 |    24 ||   105
       Conjure Flame     |       |     3 |       ||     3
       Mephitic Cloud    |       |     4 |     1 ||     5
  Use: Scroll            |       |    10 |       ||    10
       Potion            |       |     6 |     7 ||    13
 Stab: Sleeping          |     6 |     2 |       ||     8
       Confused          |       |     3 |     2 ||     5
  Eat: Chunk             |     5 |     8 |     4 ||    17
       Bread ration      |       |     1 |       ||     1
Armor: Skin              |    54 |   156 |    89 ||   299
Dodge: Dodged            |   133 |   244 |   104 ||   481
